 Dungeon Crawl Stone Soup version 0.27-a0-1184-ge86db4a01e (webtiles) character file.

Game seed: 11164881019363258010

1351 funkygono the Firebug (level 8, -4/43 HPs)
             Began as a Gargoyle Fire Elementalist on May 19, 2021.
             Slain by a komodo dragon (25 damage)
             ... on level 5 of the Dungeon.
             The game lasted 00:16:02 (6622 turns).

funkygono the Firebug (Gargoyle Fire Elementalist)  Turns: 6622, Time: 00:16:03

Health: -4/43      AC: 18    Str: 12    XL:     8   Next: 63%
Magic:  10/16      EV: 12    Int: 18    God:
Gold:   157        SH:  0    Dex: 10    Spells: 4/17 levels left

rFire    . . .     SeeInvis .   m - +1 mace (protect)
rCold    . . .     Faith    .   (no shield)
rNeg     + + .     Spirit   .   D - +2 robe {rN+}
rPois    ∞         Reflect  .   (no helmet)
rElec    +         Harm     .   r - +0 cloak
rCorr    .         Rampage  .   t - +0 pair of gloves
Will     .....                  (no boots)
Stlth    ++........             e - amulet of the acrobat
HPRegen  0.14/turn              (no ring)
MPRegen  0.15/turn              (no ring)

@: under a protective aura, freezing walls
A: sickness immunity, AC +5, negative energy resistance 1, electricity
resistance, torment resistance 1, petrification resistance
a: no special abilities


You were on level 5 of the Dungeon.
You visited 1 branch of the dungeon, and saw 5 of its levels.
You also visited: Sewer.

You collected 157 gold pieces.

Inventory:

Hand Weapons
 c - a +1 flail
 m - a +1 mace of protection (weapon)
 v - a +0 whip of distortion
Missiles
 i - 192 stones
 p - a throwing net
 s - 7 boomerangs of dispersal
 y - 2 atropa-tipped darts
Armour
 f - a +0 chain mail
 n - a +0 scale mail
 o - a +0 ring mail
 r - a +0 cloak (worn)
 t - a +0 pair of gloves (worn)
 D - a +2 robe of positive energy (worn)
Magical Staves
 z - a staff of air
Jewellery
 e - an amulet of the acrobat (around neck)
 l - a +4 ring of evasion
Wands
 a - a wand of iceblast (8)
 x - a wand of flame (5)
Scrolls
 j - a scroll of amnesia
 A - a scroll of identify
 B - a scroll of teleportation
 C - a scroll of enchant armour {unknown}
Potions
 b - 6 potions of curing
 d - 6 potions of flight
 g - a potion of brilliance
 h - a potion of berserk rage {unknown}
 k - a potion of cancellation {unknown}
 q - a potion of lignification {unknown}
 u - 2 potions of haste
 w - 2 potions of resistance {unknown}


   Skills:
 + Level 1.1 Fighting
 + Level 1.4 Maces & Flails
 + Level 2.6 Dodging
 - Level 2.1 Stealth
 * Level 5.4 Spellcasting
 * Level 5.4 Conjurations
 * Level 6.0 Fire Magic
 * Level 2.7 Ice Magic


You had 4 spell levels left.
You knew the following spells:

 Your Spells              Type           Power      Damage    Failure   Level
a - Foxfire               Conj/Fire      100%       2x1d9     1%          1
b - Sticky Flame          Conj/Fire      25%        2d5       12%         4
c - Fireball              Conj/Fire      12%        3d7       32%         5
d - Frozen Ramparts       Ice            28%        1d4       13%         3

Your spell library contained the following spells:

 Spells                   Type           Power      Damage    Failure   Level
 Conjure Flame            Conj/Fire      25%        6-21      3%          3
 Freeze                   Ice            56%        1d7       4%          1
 Inner Flame              Hex/Fire       15%        N/A       11%         3
 Ozocubu's Armour         Ice            14%        N/A       13%         3
 Hailstorm                Conj/Ice       19%        3d6       24%         4
 Metabolic Englaciation   Hex/Ice        4%         N/A       90%         5


Dungeon Overview and Level Annotations

Branches:
Dungeon (5/15)              Sewer (visited)
 Temple: D:4-7

Altars:
Ashenzari
Wu Jian
Zin

Annotations:
D:5 Blork the orc


Innate Abilities, Weirdness & Mutations

You are immune to sickness and miasma.
Your stone body is resilient. (AC +5)
You are immune to poison.
You resist negative energy. (rN+)
You are resistant to electric shocks. (rElec)
You are resistant to unholy torment.
You are immune to petrification.


Message History

Casting: Foxfire (safe; 1% risk of failure)
Confirm with . or Enter, or press ? or * to list all spells.
You conjure some foxfire!
The foxfire hits the komodo dragon but does no damage.
The komodo dragon is lightly wounded.
Your foxfire dissipates!
Casting: Foxfire (safe; 1% risk of failure)
Confirm with . or Enter, or press ? or * to list all spells.
Casting: Frozen Ramparts (dangerous; 13% risk of failure)
Press: ? - help, Dir - look around, f - activate The walls around you are covered in ice.
Casting: Frozen Ramparts (dangerous; 13% risk of failure)
Confirm with . or Enter, or press ? or * to list all spells.
You conjure some foxfire!
The foxfire hits the komodo dragon but does no damage.
The komodo dragon is lightly wounded.
The foxfire hits the komodo dragon but does no damage.
The komodo dragon is lightly wounded.
The wall freezes the komodo dragon.
Casting: Foxfire (safe; 1% risk of failure)
Confirm with . or Enter, or press ? or * to list all spells.
You conjure some foxfire!
The wall freezes the komodo dragon.
The komodo dragon bites you!!
Ouch! That really hurt!
You hit the komodo dragon.
Your weapon exudes an aura of protection.
The komodo dragon is moderately wounded.
The foxfire hits the komodo dragon but does no damage.
The komodo dragon is moderately wounded.
The wall freezes the komodo dragon.
The komodo dragon bites you but does no damage.
The wall freezes the komodo dragon.
The komodo dragon seems to slow down.
The komodo dragon barely misses you.
You closely miss the komodo dragon.
The komodo dragon is moderately wounded.
You hit the komodo dragon.
The komodo dragon is moderately wounded.
The wall freezes the komodo dragon.
The komodo dragon bites you!!
Ouch! That really hurt!
You die...

......#.####.....
#####.#.#########
##.<.......# #
####...######.# .#
.......## #.###
#....#..# ....#
#.#####.# .....#
..# #.## ###.....#
.######..###
#@l.....#
...........#
##.#.....#
...........####).#
....#
................##
####
...........######
...........#
...........#
...........#
.........###


You could see a komodo dragon (slow).

Vanquished Creatures
  Grinder (Sewer)
  Duvessa (D:5)
  A sky beast (D:5)
  A kobold brigand (Sewer)
  2 scorpions
  Dowan (D:5)
  A water moccasin skeleton (D:5)
  A howler monkey (D:5)
  2 jellies (D:5)
  2 quasits (Sewer)
  A hound (D:4)
  An orc priest (D:4)
  A gnoll shaman (D:4)
  2 iguanas
  2 orc wizards (D:3)
  8 gnolls
  9 adders
  3 shadow imps (Sewer)
  4 ufetubi (Sewer)
  4 worms
  A dart slug (D:1)
  12 orcs
  9 ball pythons
  7 endoplasms
  2 giant cockroaches
  4 goblins
  7 hobgoblins
  4 jackals (D:1)
  15 kobolds
  2 quokkas
  5 bats
  3 frilled lizards
  9 rats
128 creatures vanquished.

Vanquished Creatures (others)
  496 foxfires
496 creatures vanquished.

Grand Total: 624 creatures vanquished

Notes
Turn   | Place    | Note
-------+----------+-------------------------------------------
     0 | D:1      | funkygono the Gargoyle Fire Elementalist began the quest
                  | for the Orb.
     0 | D:1      | Reached XP level 1. HP: 10/10 MP: 3/3
   423 | D:1      | Reached XP level 2. HP: 15/15 MP: 0/5
   902 | D:2      | Found a faded altar of an unknown god.
  1104 | D:2      | Reached XP level 3. HP: 15/19 MP: 1/6
  1289 | D:2      | Reached skill level 4 in Fire Magic
  1289 | D:2      | Reached XP level 4. HP: 24/24 MP: 4/7
  2340 | D:2      | Learned a level 3 spell: Conjure Flame
  2345 | D:2      | Learned a level 4 spell: Sticky Flame
  2541 | D:3      | Reached XP level 5. HP: 28/28 MP: 2/9
  2947 | D:3      | Found a glowing silver altar of Zin.
  3451 | D:3      | Found a broken altar of Ashenzari.
  3665 | D:3      | Learned a level 1 spell: Freeze
  3735 | D:4      | Reached XP level 6. HP: 32/32 MP: 6/11
  3900 | D:4      | Found a glowing drain.
  4014 | Sewer    | Entered a sewer
  4161 | Sewer    | Reached skill level 1 in Ice Magic
  4372 | Sewer    | Found a burning altar of Makhleb.
  4375 | Sewer    | Reached skill level 1 in Maces & Flails
  4398 | Sewer    | Reached skill level 5 in Fire Magic
  4398 | Sewer    | Reached XP level 7. HP: 33/36 MP: 0/13
  4827 | Sewer    | Noticed Grinder
  4837 | Sewer    | Killed Grinder
  4986 | Sewer    | Learned a level 5 spell: Fireball
  4990 | Sewer    | Learned a level 3 spell: Frozen Ramparts
  5341 | D:4      | Found an ornate altar of the Wu Jian Council.
  5598 | D:5      | Entered Level 5 of the Dungeon
  5677 | D:5      | Noticed Dowan
  5690 | D:5      | Noticed Duvessa
  5712 | D:4      | Reached XP level 8. HP: 14/42 MP: 6/15
  5990 | D:5      | HP: 1/42 [Duvessa/+0 short sword (10)]
  6002 | D:5      | Reached skill level 5 in Spellcasting
  6135 | D:5      | Noticed Blork the orc
  6198 | D:5      | Reached skill level 5 in Conjurations
  6264 | D:5      | Reached skill level 1 in Fighting
  6415 | D:5      | Killed Duvessa
  6420 | D:5      | Killed Dowan
  6421 | D:5      | Reached skill level 6 in Fire Magic
  6609 | D:5      | Noticed a komodo dragon
  6622 | D:5      | Slain by a komodo dragon

Illustrated notes

Levels and vault maps discovered:
D:1:      mrwooster_arrival_arrow, layout_rooms, amethyst_killhole,
          chequers_serial_rivers_room_b
D:2:      layout_loops_ring, ebering_ecumenical_altar_webs,
          serial_co_window_serial, co_window_paths_a, co_window_paths_a,
          co_window_cross_1, co_window_corner_a, co_window_of_opportunity_a,
          co_window_2corner, co_window_corner_b, co_window_paths_c,
          co_window_corner_cb, co_window_unsneaky_path_b,
          co_window_unsneaky_path_e
D:3:      layout_basic, zin_treasury, evilmike_ruin_ashenzari
D:4:      layout_basic, old_standard_altar, cheibrodos_sewer_entry_drain
D:5:      layout_rooms, kennysheep_generic_room_8, uniq_duvessa,
          uniq_blork_the_orc

Skill      XL: |  1  2  3  4  5  6  7  8 |
---------------+-------------------------+-----
Conjurations   | 2 3 4 5 |  5.4
Fire Magic     | 4 5 6 |  6.0
Spellcasting   | 3 4 5 |  5.4
Ice Magic      | 1 2 |  2.7
Maces & Flails | 1 |  1.4
Dodging        | 2 |  2.6
Fighting       | 1 |  1.1
Stealth        | |  2.1

Action                   |  1- 3 |  4- 6 |  7- 9 || total
-------------------------+-------+-------+-------++-------
Melee: Flail             |    10 |     9 |       ||    19
       Mace              |       |    29 |    36 ||    65
 Cast: Foxfire           |    43 |   143 |   101 ||   287
       Conjure Flame     |       |     1 |       ||     1
       Freeze            |       |     1 |       ||     1
       Sticky Flame      |       |     1 |       ||     1
       Fireball          |       |       |     1 ||     1
       Frozen Ramparts   |       |       |     4 ||     4
  Use: Scroll            |     2 |     7 |     5 ||    14
       Potion            |       |       |     4 ||     4
Armor: Robe              |     5 |    47 |    46 ||    98
Dodge: Dodged            |    22 |    83 |    50 ||   155

Table legend: (Time is in decaauts)
 A = Elapsed time spent in this place.
 B = Non-inter-level travel time spent in this place.
 C = Inter-level travel time spent in this place.
 D = Time resting spent in this place.
 E = Time spent auto-exploring this place.
 F = Levels seen in this place.
 G = Mean time per level.
                   A        B        C        D        E       F      G
               +--------+--------+--------+--------+--------+-----+--------+
         Total |   6661 |   6525 |    136 |    393 |   5019 |   6 | 1110.2 |
       Dungeon |   5620 |   5484 |    136 |    393 |   4185 |   5 | 1124.0 |
         Sewer |   1041 |   1041 |      0 |      0 |    834 |   1 | 1041.0 |
               +--------+--------+--------+--------+--------+-----+--------+

Top non-repeatable levels by time:
     D:2: 1611 daAuts
     D:3: 1245 daAuts
     D:4: 1205 daAuts
   Sewer: 1041 daAuts
     D:1: 824 daAuts
     D:5: 733 daAuts
